 Dungeon Crawl Stone Soup version 0.28-a0-1356-g2ad6d04315 (webtiles) character file.

Game seed: 1663957596750359728

1634 dolemite99 the Chiller (level 8, -1/60 HPs)
             Began as a Gnoll Ice Elementalist on Dec 30, 2021.
             Was a Follower of Kikubaaqudgha.
             Slain by an orc warrior (8 damage)
             ... on level 7 of the Dungeon.
             The game lasted 00:12:33 (8970 turns).

dolemite99 the Chiller (Gnoll Ice Elementalist)     Turns: 8970, Time: 00:12:34

Health: -1/60      AC:  5    Str:  7    XL:     8   Next: 98%
Magic:  16/17      EV: 13    Int: 18    God:    Kikubaaqudgha [*.....]
Gold:   155        SH:  0    Dex: 12    Spells: 2/19 levels left

rFire   . . .      SeeInvis .   a - +0 hunting sling (freeze)
rCold   . . .      Faith    .   (no shield)
rNeg    . . .      Spirit   .   G - +0 troll leather armour {Pargi}
rPois   +          Reflect  .   (no helmet)
rElec   .          Harm     .   H - +0 cloak {Stlth+}
rCorr   .          Rampage  .   (no gloves)
Will    .....                   (no boots)
Stlth   ++++......              (no amulet)
HPRegen 1.00/turn               r - ring of poison resistance
MPRegen 0.15/turn               c - ring of wizardry

@: slowed, very slow
A: fangs 1, strong nose, distributed training
a: Renounce Religion, Receive Corpses


You were on level 7 of the Dungeon.
You worshipped Kikubaaqudgha.
Kikubaaqudgha was aware of your devotion.
You visited 1 branch of the dungeon, and saw 7 of its levels.
You also visited: Sewer.

You collected 455 gold pieces.
You spent 300 gold pieces at shops.

Inventory:

Hand Weapons
 a - a +0 hunting sling of freezing (weapon)
 b - a +2 dagger of draining
 d - a +0 short sword
 h - a +0 hand axe
 q - a +0 rapier
 y - a +2 dagger of flaming
 B - a +1 dagger of speed
 D - a +2 quarterstaff of chaos
 J - a +1 mace of draining
 L - the +8 rapier of the Tundras {flame, rC+ Will- Dex+3 SInv}
   (You found it on level 5 of the Dungeon)

   It burns those it strikes, dealing additional fire damage.
   Dex:       It affects your dexterity (+3).
   rC:        It protects you from cold.
   SInv:      It lets you see invisible.
   Will:      It decreases your willpower.
 M - a +0 shortbow
Missiles
 g - 77 arrows
 i - 101 sling bullets (quivered ammo)
 l - 2 boomerangs
 m - 5 poisoned darts
 u - 59 bolts
 E - a curare-tipped dart
 K - 92 stones
Armour
 f - a +0 cloak
 G - a +0 troll leather armour (worn) {Pargi}
 H - a +0 cloak of stealth (worn)
Jewellery
 c - a ring of wizardry (right hand)
 r - a ring of poison resistance (left hand)
 N - a ring of positive energy
Wands
 v - a wand of iceblast (10)
Scrolls
 e - a scroll of magic mapping
 w - a scroll of vulnerability
 A - a scroll of immolation
Potions
 j - 2 potions of curing
 k - a potion of lignification {unknown}
 o - a potion of attraction {unknown}
 p - 2 potions of flight {unknown}
 s - 2 potions of brilliance {unknown}
 t - 2 potions of mutation {unknown}
 x - 2 potions of haste {unknown}
 z - 3 potions of might {unknown}


   Skills:
 + Level 3.7 Fighting
 + Level 3.7 Short Blades
 + Level 3.7 Long Blades
 + Level 3.7 Axes
 + Level 3.7 Maces & Flails
 + Level 3.7 Polearms
 + Level 3.7 Staves
 + Level 3.7 Slings
 + Level 3.7 Bows
 + Level 3.7 Crossbows
 + Level 3.7 Throwing
 + Level 3.7 Armour
 + Level 6.0 Dodging
 + Level 5.6 Stealth
 + Level 3.7 Shields
 + Level 3.7 Unarmed Combat
 + Level 6.3 Spellcasting
 + Level 3.0 Conjurations
 + Level 3.0 Hexes
 + Level 3.0 Summonings
 + Level 3.0 Necromancy
 + Level 3.0 Translocations
 + Level 3.0 Transmutations
 + Level 3.0 Fire Magic
 + Level 7.8 Ice Magic
 + Level 3.0 Air Magic
 + Level 3.0 Earth Magic
 + Level 3.0 Poison Magic
 + Level 4.1 Invocations
 + Level 3.7 Evocations


You had 2 spell levels left.
You knew the following spells:

 Your Spells              Type           Power      Damage    Failure   Level
a - Freeze                Ice            100%       1d11      1%          1
b - Frozen Ramparts       Ice            66%        1d8       1%          3
c - Animate Skeleton      Necr           32%        N/A       1%          1
d - Vampiric Draining     Necr           16%        2d7       6%          3
e - Ozocubu's Armour      Ice            33%        N/A       1%          3
f - Sublimation of Blood  Necr           16%        N/A       3%          2
g - Hailstorm             Conj/Ice       25%        3d7       8%          4

Your spell library contained the following spells:

 Spells                   Type           Power      Damage    Failure   Level
 Apportation              Tloc           32%        N/A       1%          1
 Pain                     Necr           64%        1d7       1%          1
 Summon Ice Beast         Ice/Summ       25%        N/A       8%          4
 Passage of Golubria      Tloc           16%        N/A       19%         4
 Petrify                  Tmut/Erth      16%        N/A       19%         4
 Alistair's Intoxication  Tmut/Pois      10%        N/A       45%         5
 Irradiate                Conj/Tmut      8%         3d16      45%         5
 Silence                  Hex/Air        8%         N/A       45%         5
 Summon Mana Viper        Hex/Summ       16%        N/A       45%         5
 Monstrous Menagerie      Summ           8%         N/A       100%        7
 Lehudib's Crystal Spear  Conj/Erth      8%         10d3      100%        8


Dungeon Overview and Level Annotations

Branches:
Dungeon (7/15)             Temple (0/1) D:7           Sewer (visited)

Altars:
Kikubaaqudgha
Nemelex Xobeh

Shops:
D:3 =

Annotations:
D:7 exclusion: door


Innate Abilities, Weirdness & Mutations

You have very sharp teeth.
Your uncanny sense of smell can sniff out nearby items.
Your experience applies equally to all skills.


Message History

The wraith resists.
The wall freezes the wraith.
The wraith closely misses you.
The wraith resists.
The wall freezes the wraith.
The wall freezes the orc warrior.
The wraith resists.
The wall freezes the wraith.
The wraith closely misses you.
As you read the scroll labelled FIJUEL ECEN, it crumbles to dust.
You feel strangely unstable.
It was a scroll of teleportation.
The wraith resists.
The wall freezes the wraith.
The wraith resists.
The wall freezes the wraith.
The wraith hits you.
The wall freezes the orc warrior.
The wraith completely resists.
The wall freezes the wraith but does no damage.
Your frozen ramparts will break if you move.
Continue? [Y]es or [N]o only, please.
Your frozen ramparts will break if you move.
Continue?
Okay, then.
The wraith resists.
The wall freezes the wraith.
The wraith hits you but does no damage.
The wraith completely resists.
The wall freezes the wraith but does no damage.
The wraith completely resists.
The wall freezes the wraith but does no damage.
The wraith hits you!
The wall freezes the orc warrior!
The wraith resists.
The wall freezes the wraith.
The wraith resists.
The wall freezes the wraith.
The wraith closely misses you.
The wraith resists.
The wall freezes the wraith.
Your surroundings suddenly seem different.
The frozen ramparts melt away as you move.
A slime creature comes into view.
The slime creature hits you!!
Okay, then.
You feel better. The slime creature hits you!
* * * LOW HITPOINT WARNING * * *
The slime creature hits you.
* * * LOW HITPOINT WARNING * * *
This is a scroll of acquirement!
Something appears at your feet!
A centaur comes into view.
The slime creature hits you.
* * * LOW HITPOINT WARNING * * *
The orc warrior hits you with a +0 battleaxe!
You die...
Kikubaaqudgha rasps: "You have failed me!
Welcome... death!"

*,∆**,,,,,,,,,,#..........
*,,,,,,,,,*****#..........
*,,,,,,,***,,,*#..........
*,,,,,,,#.,*,∆###...[.....
*,,,,,,,#..####.#.........
*,,*******#...#.'.........
*,,**,,,,*#.....#......)..
*,,**,,,###Wc.#W#.......<.
*,,,,,,,#@o####.#..>......
*,,,,,,,#J.#,∆#.#.........
*,,****+###..,#.#.....#'##
*****,,,,**####.#.....'..#
*,,,,,,,,,..#.....#..#
*,∆,,,,,,,..#.....#..#
*,,,,,,,,,..#.....#..#
*,,,,**,,##.#.....####
***********,####......


You could see a slime creature, a wraith, an orc warrior and a centaur.

Vanquished Creatures
  Eustachio (D:5)
  2 water moccasins
  An ice beast (D:5)
  Pargi (Sewer)
  A necrophage (D:6)
  A centaur (D:6)
  A bullfrog (D:7)
  A kobold brigand (Sewer)
  2 scorpions
  A centaur zombie (D:6)
  5 hounds
  An orc priest (D:3)
  2 bullfrog skeletons
  Crazy Yiuf (D:5)
  Natasha (thrice) (D:2)
  4 iguanas
  An orc wizard (D:6)
  A howler monkey zombie (D:7)
  6 adders
  A river rat (D:5)
  3 white imps
  2 worms
  3 dart slugs
  16 orcs
  4 bats (D:1)
  6 endoplasms
  3 giant cockroaches
  3 goblins
  4 hobgoblins
  6 ball pythons
  3 frilled lizards
  7 kobolds
  9 rats
106 creatures vanquished.

Notes
Turn   | Place    | Note
-------+----------+-------------------------------------------
     0 | D:1      | dolemite99 the Gnoll Ice Elementalist began the quest for
                  | the Orb.
     0 | D:1      | Reached XP level 1. HP: 13/13 MP: 6/6
   449 | D:1      | Reached XP level 2. HP: 10/19 MP: 3/7
  1435 | D:2      | Noticed Natasha
  1445 | D:2      | Killed Natasha
  1446 | D:2      | Reached skill level 5 in Spellcasting
  1446 | D:2      | Reached skill level 1 in Invocations
  1446 | D:2      | Reached XP level 3. HP: 10/25 MP: 1/9
  1748 | D:2      | Noticed Natasha
  1762 | D:2      | Reached skill level 1 in Fighting
  1762 | D:2      | Reached skill level 1 in Short Blades
  1762 | D:2      | Reached skill level 1 in Long Blades
  1762 | D:2      | Reached skill level 1 in Axes
  1762 | D:2      | Reached skill level 1 in Maces & Flails
  1762 | D:2      | Reached skill level 1 in Polearms
  1762 | D:2      | Reached skill level 1 in Staves
  1762 | D:2      | Reached skill level 1 in Slings
  1762 | D:2      | Reached skill level 1 in Bows
  1762 | D:2      | Reached skill level 1 in Crossbows
  1762 | D:2      | Reached skill level 1 in Throwing
  1762 | D:2      | Reached skill level 1 in Armour
  1762 | D:2      | Reached skill level 1 in Shields
  1762 | D:2      | Reached skill level 1 in Unarmed Combat
  1762 | D:2      | Reached skill level 1 in Evocations
  1962 | D:2      | Learned a level 3 spell: Frozen Ramparts
  2146 | D:2      | Killed Natasha
  2147 | D:2      | Reached XP level 4. HP: 20/32 MP: 6/11
  2297 | D:2      | Noticed Natasha
  2305 | D:2      | Killed Natasha
  2306 | D:2      | Reached skill level 1 in Conjurations
  2306 | D:2      | Reached skill level 1 in Hexes
  2306 | D:2      | Reached skill level 1 in Summonings
  2306 | D:2      | Reached skill level 1 in Necromancy
  2306 | D:2      | Reached skill level 1 in Translocations
  2306 | D:2      | Reached skill level 1 in Transmutations
  2306 | D:2      | Reached skill level 1 in Fire Magic
  2306 | D:2      | Reached skill level 1 in Air Magic
  2306 | D:2      | Reached skill level 1 in Earth Magic
  2306 | D:2      | Reached skill level 1 in Poison Magic
  2737 | D:3      | Reached XP level 5. HP: 33/37 MP: 9/12
  3084 | D:3      | Found Titsus's Jewellery Shoppe.
  3975 | D:4      | Reached XP level 6. HP: 29/44 MP: 3/13
  4144 | D:4      | Found a sparkling altar of Nemelex Xobeh.
  4291 | D:4      | Found an ancient bone altar of Kikubaaqudgha.
  4299 | D:4      | Became a worshipper of Kikubaaqudgha
  4793 | D:5      | Entered Level 5 of the Dungeon
  4806 | D:5      | Noticed an ice beast
  4875 | D:5      | Noticed a water moccasin
  4878 | D:5      | Killed a water moccasin
  4879 | D:5      | Reached skill level 5 in Dodging
  5059 | D:5      | Killed an ice beast
  5060 | D:5      | Reached XP level 7. HP: 41/50 MP: 15/15
  5173 | D:5      | Noticed Eustachio
  5265 | D:5      | Killed Eustachio
  5397 | D:5      | Found a glowing drain.
  5429 | Sewer    | Entered a sewer
  5515 | Sewer    | Reached skill level 5 in Stealth
  5689 | Sewer    | Noticed Pargi
  5694 | Sewer    | Killed Pargi
  6085 | D:5      | Found a runed translucent door.
  6086 | D:5      | Noticed Crazy Yiuf
  6093 | D:5      | Killed Crazy Yiuf
  6094 | D:5      | Reached XP level 8. HP: 55/57 MP: 9/16
  6414 | D:3      | Bought a ring of wizardry for 300 gold pieces
  6567 | D:5      | Identified the +8 rapier of the Tundras {flame, rC+ Will-
                  | Dex+3 SInv}
  7607 | D:6      | Reached * piety under Kikubaaqudgha
  7607 | D:6      | Received a gift from Kikubaaqudgha
  7618 | D:6      | Learned a level 1 spell: Animate Skeleton
  7635 | D:6      | Learned a level 3 spell: Vampiric Draining
  7639 | D:6      | Learned a level 3 spell: Ozocubu's Armour
  7642 | D:6      | Learned a level 2 spell: Sublimation of Blood
  8623 | D:7      | Found a staircase to the Ecumenical Temple.
  8728 | D:7      | Noticed a wraith
  8820 | D:7      | Learned a level 4 spell: Hailstorm
  8957 | D:7      | Noticed a wraith
  8968 | D:7      | Noticed a slime creature
  8970 | D:7      | Identified a scroll of acquirement
  8970 | D:7      | Acquired 1130 gold pieces
  8970 | D:7      | Slain by an orc warrior

Illustrated notes

Levels and vault maps discovered:
D:1:      kennysheep_arrival_forest, layout_basic
D:2:      layout_basic, serial_bayou_lagoon_b, uniq_natasha
D:3:      layout_basic, serial_shops, nicolae_shop_crystal
D:4:      nicolae_cairo_tiling_large_dashed, layout_layer_cave,
          kiku_gazebo_pond_becter, kennysheep_little_box
D:5:      layout_loops_cross, portal_sewer_entry_a, uniq_crazy_yiuf_cottage,
          uniq_eustachio
D:6:      layout_loops_ring, minmay_liquid_box, minmay_crossroads
D:7:      minmay_blocky_corners, layout_gridville, minmay_temple_entry_arrows

Skill      XL: |  1  2  3  4  5  6  7  8 |
---------------+-------------------------+-----
Spellcasting   | 5 6 |  6.3
Invocations    | 1 2 3 4 |  4.1
Fighting       | 1 2 3 |  3.7
Short Blades   | 1 2 3 |  3.7
Long Blades    | 1 2 3 |  3.7
Axes           | 1 2 3 |  3.7
Maces & Flails | 1 2 3 |  3.7
Polearms       | 1 2 3 |  3.7
Staves         | 1 2 3 |  3.7
Slings         | 1 2 3 |  3.7
Bows           | 1 2 3 |  3.7
Crossbows      | 1 2 3 |  3.7
Throwing       | 1 2 3 |  3.7
Armour         | 1 2 3 |  3.7
Shields        | 1 2 3 |  3.7
Unarmed Combat | 1 2 3 |  3.7
Evocations     | 1 2 3 |  3.7
Conjurations   | 1 2 3 |  3.0
Hexes          | 1 2 3 |  3.0
Summonings     | 1 2 3 |  3.0
Necromancy     | 1 2 3 |  3.0
Translocations | 1 2 3 |  3.0
Transmutations | 1 2 3 |  3.0
Fire Magic     | 1 2 3 |  3.0
Air Magic      | 1 2 3 |  3.0
Earth Magic    | 1 2 3 |  3.0
Poison Magic   | 1 2 3 |  3.0
Dodging        | 5 6 |  6.0
Stealth        | 5 |  5.6
Ice Magic      | |  7.8

Action                   |  1- 3 |  4- 6 |  7- 9 || total
-------------------------+-------+-------+-------++-------
Melee: Hand axe          |     2 |     1 |       ||     3
       Dagger            |       |    30 |    20 ||    50
       Punch             |       |     1 |     1 ||     2
       Bite              |       |     1 |     1 ||     2
 Fire: Hunting sling     |       |       |    62 ||    62
 Cast: Freeze            |    37 |    48 |    56 ||   141
       Frozen Ramparts   |       |     5 |    19 ||    24
Evoke: Wand              |       |     5 |    19 ||    24
  Use: Scroll            |       |       |     8 ||     8
       Potion            |       |       |     1 ||     1
 Stab: Sleeping          |       |     2 |       ||     2
Armor: Robe              |     3 |     8 |     5 ||    16
       Troll leather arm |       |       |    15 ||    15
Dodge: Dodged            |    21 |    42 |    89 ||   152

Table legend: (Time is in decaauts)
 A = Elapsed time spent in this place.
 B = Non-inter-level travel time spent in this place.
 C = Inter-level travel time spent in this place.
 D = Time resting spent in this place.
 E = Time spent auto-exploring this place.
 F = Levels seen in this place.
 G = Mean time per level.
                   A        B        C        D        E       F      G
               +--------+--------+--------+--------+--------+-----+--------+
         Total |   8984 |   8588 |    396 |   2684 |   4506 |   8 | 1123.0 |
       Dungeon |   8566 |   8170 |    396 |   2539 |   4303 |   7 | 1223.7 |
         Sewer |    417 |    417 |      0 |    145 |    203 |   1 |  417.0 |
               +--------+--------+--------+--------+--------+-----+--------+

Top non-repeatable levels by time:
     D:6: 1514 daAuts
     D:5: 1365 daAuts
     D:3: 1293 daAuts
     D:4: 1256 daAuts
     D:1: 1232 daAuts
     D:2: 1200 daAuts
     D:7: 703 daAuts
   Sewer: 417 daAuts
